 Dungeon Crawl Stone Soup version 0.30-a0-347-gf58ed5266c (webtiles) character file.

Game seed: 7522922806628715945

2145 Shayle the Sneak (level 9, -14/65 HPs)
             Began as a Djinni Reaver on Nov 5, 2022.
             Was an Initiate of Makhleb.
             Demolished by Duvessa
             ... wielding a +0 rapier
              (17 damage)
             ... on level 5 of the Dungeon.
             The game lasted 00:20:52 (6397 turns).

Shayle the Sneak (Djinni Reaver)                    Turns: 6397, Time: 00:20:53

Health: -14/65     AC:  7    Str: 17    XL:     9   Next: 56%
Gold:   379        EV: 12    Int: 18    God:    Makhleb [......] SH:  0 Dex: 13

rFire   + + .      SeeInvis .    r - +1 hammer (vorpal)
rCold   x . .      Faith    .    (no shield)
rNeg    . . .      Spirit   .    a - +0 leather armour
rPois   ∞          Reflect  .    (no helmet)
rElec   .          Harm     .    y - +1 cloak
rCorr   .          Rampage  .    p - +0 pair of gloves
Will    .....                    (boots unavailable)
Stlth   +++.......               f - amulet of the acrobat
HPRegen 0.30/turn                m - +6 ring of strength
MPRegen 0.00/turn                (no ring)

@: flying, invisible
A: sickness immunity, fire resistance 2, cold vulnerability 1, float, innate
caster, HP casting, extra vitality 1
a: Renounce Religion


You were on level 5 of the Dungeon.
You worshipped Makhleb.
Makhleb was noncommittal.
You visited 2 branches of the dungeon, and saw 8 of its levels.

You collected 379 gold pieces.

Inventory:

Hand Weapons
 c - a +0 trident of freezing
 r - a +1 vorpal hammer (weapon)
 w - a +2 whip of freezing
 D - a +0 broad axe
Missiles
 H - 2 throwing nets
Armour
 a - a +0 leather armour (worn)
 k - an orb of guile
 p - a +0 pair of gloves (worn)
 y - a +1 cloak (worn)
Jewellery
 f - an amulet of the acrobat (around neck)
 h - a ring of fire
 m - a +6 ring of strength (left hand)
 x - a ring of positive energy
Wands
 G - a wand of flame (6)
Scrolls
 g - 3 scrolls of poison
 l - 2 scrolls of immolation
 t - a scroll of teleportation
 u - a scroll of fog
 v - 2 scrolls of vulnerability {unknown}
 B - a scroll of magic mapping {unknown}
 C - a scroll of noise {unknown}
 E - a scroll of enchant weapon {unknown}
 F - 2 scrolls of identify
 I - a scroll of fear {unknown}
Potions
 b - 3 potions of cancellation
 i - 2 potions of flight {unknown}
 j - 2 potions of haste {unknown}
 n - 5 potions of curing
 o - a potion of invisibility
 q - 3 potions of ambrosia
 s - a potion of attraction {unknown}
 z - a potion of berserk rage {unknown}
 A - 2 potions of magic


   Skills:
 + Level 5.2 Fighting
 + Level 4.5 Armour
 - Level 2.1 Dodging
 + Level 6.0 Stealth
 + Level 5.6 Unarmed Combat
 + Level 4.3 Spellcasting
 * Level 2.0 Invocations


You had 2 spell levels left.
You knew the following spells:

 Your Spells              Type           Power      Damage    Failure   Level
a - Kiss of Death         Conj/Necr      76%        2d11      2%          1
b - Momentum Strike       Conj/Tloc      38%        3d9       4%          2
c - Hailstorm             Conj/Ice       19%        3d6       9%          3
d - Apportation           Tloc           38%        N/A       2%          1
e - Searing Ray           Conj           38%        2d5       4%          2
f - Passwall              Tmut/Erth      15%        N/A       4%          2
g - Gell's Gravitas       Tloc           19%        N/A       9%          3
Your spell library was empty.

Dungeon Overview and Level Annotations

Branches:
Dungeon (7/15)             Temple (1/1) D:6

Altars:
Dithmenos
Elyvilon
Fedhas
Hepliaklqana
Makhleb
Nemelex Xobeh
Qazlal
Ru
Trog
Wu Jian
Xom
The Shining One

Annotations:
D:5 exclusion: oklob plant, Duvessa
D:6 2 transporters, kd29's ghost, novice DgTm


Innate Abilities, Weirdness & Mutations

You are immune to sickness and miasma.
You are immune to poison.
Your flesh is very heat resistant. (rF++)
You are vulnerable to cold. (rC-)
You float through the air rather than walking.
You learn spells naturally, not from books.
Your magical power is your life essence.
You have superior vitality. (+4 MHP)


Message History

Duvessa is heavily wounded.
Duvessa hits you with a +0 rapier!
The searing ray hits Duvessa but does no damage.
Duvessa is heavily wounded.
Duvessa closely misses you. Duvessa completely misses you.
The searing ray hits Duvessa.
Duvessa is heavily wounded.
You finish channelling your searing ray.
Duvessa hits you with a +0 rapier!
* * * LOW HITPOINT WARNING * * *
You feel much better. Duvessa hits you but does no damage.
Duvessa hits you with a +0 rapier.
Okay, then.
Okay, then.
It was a potion of magic.
Magic washes over you without effect. Duvessa barely misses you.
It was a potion of invisibility.
You fade into invisibility!
Duvessa completely misses you. Duvessa hits you with a +0 rapier!
You catch the helpless Duvessa completely off-guard!
You hit Duvessa but do no damage.
Duvessa is heavily wounded.
Duvessa barely misses you.
You hit Duvessa but do no damage.
Duvessa is heavily wounded.
Duvessa hits you with a +0 rapier!
* * * LOW HITPOINT WARNING * * *
Duvessa closely misses you.
You hit Duvessa.
Duvessa is severely wounded.
Duvessa closely misses you. Duvessa barely misses you.
You hit Duvessa but do no damage.
Duvessa is severely wounded.
Duvessa hits you with a +0 rapier.
* * * LOW HITPOINT WARNING * * *
Duvessa completely misses you.
You hit Duvessa but do no damage.
Duvessa is severely wounded.
Duvessa hits you with a +0 rapier!
You die...

..#................#
#..................#
.......[...........#
###................#
#..................#
..#...............##
.##..............##
#.......##...<.[##
#.###...####...e@#
..###...# #######
........# #####...#
#...# #...# #...#
#####


You could see Duvessa (berserk, unable to see you).

Vanquished Creatures
  Pikel (D:4)
  Grinder (D:4)
  An ice beast (D:5)
  2 black bears
  An ogre (D:4)
  A centaur (D:6)
  2 lemures (D:4)
  2 phantoms
  A bullfrog (D:7)
  2 necrophages
  Dowan (D:6)
  2 jellies
  A hound (D:5)
  Crazy Yiuf (D:3)
  3 iguanas
  Natasha (thrice) (D:3)
  Terence (D:3)
  3 orc wizards
  A scorpion zombie (D:2)
  9 adders
  10 gnolls
  A white imp (D:5)
  An adder zombie (D:2)
  2 adder skeletons (D:2)
  2 worms (D:2)
  4 dart slugs
  13 orcs
  A bat skeleton (D:2)
  A bat zombie (D:2)
  6 endoplasms
  5 giant cockroaches
  13 hobgoblins
  A jackal (D:2)
  A quokka (D:2)
  6 ball pythons
  A ball python zombie (D:2)
  5 bats
  3 frilled lizards
  4 goblins
  4 kobolds
  10 rats
133 creatures vanquished.

Vanquished Creatures (others)
  An adder (D:2)
  An endoplasm (D:2)
  A fungus (D:5)
  6 plants (D:3)
  A withered plant (D:2)
10 creatures vanquished.

Grand Total: 143 creatures vanquished

Notes
Turn   | Place    | Note
-------+----------+-------------------------------------------
     0 | D:1      | Shayle the Djinni Reaver began the quest for the Orb.
     0 | D:1      | Shayle set off with the following spells memorised: Kiss of
                  | Death, Momentum Strike, Hailstorm.
     0 | D:1      | Reached XP level 1. HP: 18/18 MP: 0/0
     8 | D:1      | Noticed an electric eel
   158 | D:1      | Reached XP level 2. HP: 12/23 MP: 0/0
   413 | D:1      | Reached skill level 1 in Stealth
   689 | D:1      | Found a faded altar of an unknown god.
   689 | D:1      | Noticed a Brimstone Fiend
   993 | D:2      | Reached XP level 3. HP: 28/28 MP: 0/0
   993 | D:2      | Learned a level 1 spell: Apportation
  1506 | D:2      | Reached XP level 4. HP: 33/34 MP: 0/0
  1516 | D:2      | Reached skill level 1 in Armour
  1931 | D:2      | Reached skill level 2 in Stealth
  2055 | D:2      | Reached XP level 5. HP: 31/39 MP: 0/0
  2055 | D:2      | Learned a level 2 spell: Searing Ray
  2283 | D:3      | Noticed Natasha
  2286 | D:3      | Killed Natasha
  2384 | D:3      | Noticed Terence
  2390 | D:3      | Noticed Natasha
  2397 | D:3      | Killed Natasha
  2542 | D:3      | Noticed a black bear
  2549 | D:3      | Killed Terence
  2550 | D:3      | Reached XP level 6. HP: 41/45 MP: 0/0
  2555 | D:3      | Killed a black bear
  2556 | D:3      | Reached skill level 3 in Stealth
  2635 | D:3      | Found a runed translucent door.
  2636 | D:3      | Noticed Crazy Yiuf
  2770 | D:3      | Noticed Natasha
  2779 | D:3      | Killed Natasha
  3045 | D:3      | Killed Crazy Yiuf
  3046 | D:3      | Reached XP level 7. HP: 16/50 MP: 0/0
  3046 | D:3      | Learned a level 2 spell: Passwall
  3241 | D:4      | Noticed Grinder
  3545 | D:4      | Noticed Pikel
  3570 | D:4      | Killed Pikel
  3571 | D:4      | Reached skill level 4 in Stealth
  3571 | D:4      | Reached XP level 8. HP: 18/58 MP: 0/0
  4181 | D:4      | Killed Grinder
  4255 | D:5      | Entered Level 5 of the Dungeon
  4292 | D:5      | Reached skill level 5 in Stealth
  4292 | D:5      | Reached skill level 5 in Unarmed Combat
  4545 | D:5      | Found a blossoming altar of Fedhas.
  4719 | D:4      | Reached XP level 9. HP: 49/63 MP: 0/0
  4719 | D:4      | Learned a level 3 spell: Gell's Gravitas
  5242 | D:5      | Noticed an oklob plant
  5308 | D:6      | Noticed a queen bee
  5322 | D:6      | Noticed kd29's ghost (novice DgTm)
  5330 | D:6      | Found a transporter.
  5334 | D:6      | Found a transporter.
  5507 | D:6      | Found a staircase to the Ecumenical Temple.
  5517 | D:6      | Reached skill level 5 in Fighting
  5539 | Temple   | Entered the Ecumenical Temple
  5582 | Temple   | Became a worshipper of Makhleb the Destroyer
  5736 | D:6      | Reached skill level 1 in Invocations
  5738 | D:6      | Noticed Dowan
  5770 | D:6      | Killed Dowan
  6286 | D:6      | Reached skill level 6 in Stealth
  6317 | D:6      | Noticed Duvessa
  6396 | D:5      | HP: 3/65 [Duvessa/+0 rapier (6)]
  6397 | D:5      | Demolished by Duvessa

Illustrated notes

Levels and vault maps discovered:
D:1:      arrival_aquarium_a, layout_loops_corners,
          dreamdust_ecumenical_altar_sealed_demon
D:2:      minmay_diamond_boxcup, layout_rooms, serial_undead, serial_undead_e,
          serial_undead_e, serial_undead_a, serial_undead_f, minivault_14,
          minmay_puff
D:3:      layout_basic, serial_forest, infiniplex_forest_clump_curved,
          infiniplex_forest_end_1, infiniplex_forest_end_3,
          infiniplex_forest_straight_4, infiniplex_forest_diagonal,
          infiniplex_forest_3_way, infiniplex_forest_end_3,
          infiniplex_forest_straight_5, uniq_crazy_yiuf_cottage, uniq_natasha,
          uniq_terence
D:4:      layout_rooms, uniq_grinder, uniq_pikel
D:5:      layout_rooms, tgw_fedhas, serial_corexii_hall,
          chequers_hall_statues_y, chequers_hall_statues_y,
          corexii_hall_statues_deadend, chequers_hall_statues_corner_a,
          corexii_shack, lemuel_flamethrower_1
D:6:      layout_loops_cross, chei_slow_surprise,
          minmay_temple_entry_large_hall, gammafunk_ghost_hive,
          wad_floor_pattern_1, nicolae_titane, uniq_duvessa
D:7:      layout_cave_pools, nicolae_ashenzari_skybound, old_standard_altar,
          zin_scriptorium, serial_column_ruins, column_ruins_columns_straight,
          column_ruins_columns_corner, column_ruins_grid_3, column_ruins_grid_1,
          column_ruins_grid_4
Temple:   nicolae_temple_ecumenical_triangle

Skill      XL: |  1  2  3  4  5  6  7  8  9 |
---------------+----------------------------+-----
Stealth        | 1 2 3 4 5 6 |  6.0
Armour         | 1 2 3 4 |  4.5
Fighting       | 3 4 5 |  5.2
Spellcasting   | 3 4 |  4.3
Unarmed Combat | 4 5 |  5.6
Invocations    | 2 |  2.0
Dodging        | |  2.1

Action                   |  1- 3 |  4- 6 |  7- 9 || total
-------------------------+-------+-------+-------++-------
Melee: Trident           |   111 |   115 |       ||   226
       Punch             |     3 |     5 |     2 ||    10
       Mace              |       |       |    85 ||    85
 Cast: Momentum Strike   |     2 |       |       ||     2
       Searing Ray       |       |    12 |    55 ||    67
       Apportation       |       |       |     1 ||     1
       Passwall          |       |       |     1 ||     1
       Gell's Gravitas   |       |       |     5 ||     5
Evoke: Wand              |       |       |     9 ||     9
  Use: Scroll            |       |     8 |     1 ||     9
       Potion            |       |       |     8 ||     8
 Stab: Sleeping          |       |     2 |       ||     2
       Invisible         |       |       |     1 ||     1
Armor: Leather armour    |    34 |    54 |    40 ||   128
Dodge: Dodged            |    87 |   142 |   164 ||   393

Table legend: (Time is in decaauts)
 A = Elapsed time spent in this place.
 B = Non-inter-level travel time spent in this place.
 C = Inter-level travel time spent in this place.
 D = Time resting spent in this place.
 E = Time spent auto-exploring this place.
 F = Levels seen in this place.
 G = Mean time per level.
                   A        B        C        D        E       F      G
               +--------+--------+--------+--------+--------+-----+--------+
         Total |   6509 |   6279 |    230 |   1033 |   3362 |   8 |  813.6 |
       Dungeon |   6456 |   6235 |    221 |   1033 |   3340 |   7 |  922.3 |
        Temple |     52 |     43 |      9 |      0 |     22 |   1 |   52.0 |
               +--------+--------+--------+--------+--------+-----+--------+

Top non-repeatable levels by time:
     D:2: 1296 daAuts
     D:5: 1130 daAuts
     D:3: 1059 daAuts
     D:4: 1051 daAuts
     D:1: 1001 daAuts
     D:6: 759 daAuts
     D:7: 157 daAuts
  Temple: 52 daAuts
